PAA
MINNESOTA LOONS @ PHOENIX HOTSPUR YOUTH
09/14/2031
 
TOP OF THE 1ST
Minnesota Loons batting - Pitching for Phoenix Hotspur Youth : RHP Alberto Solís
Pitching: RHP Alberto Solís
Batting: RHB Germán Espantoso 0-0: Ground out 4-3 (Groundball, 4)
Batting: RHB Dhyana Snigdha 0-0: Ball
1-0: Called Strike
1-1: Foul Ball, location: 2F
1-2: Ball
2-2: Strikes out swinging
Batting: LHB Bennett Whitford 0-0: Swinging Strike
0-1: Ball
1-1: Ball
2-1: Ball
3-1: Base on Balls
Batting: RHB Ángelo Delgado 0-0: Ball
1-0: Ball
2-0: Ball
3-0: Called Strike
3-1: Foul Ball, location: 2F
3-2: 2-RUN HOME RUN (Flyball, 7LD), Distance : 352 ft
Batting: RHB Júlio Vargas 0-0: Ball
1-0: Ball
2-0: Ball
3-0: Base on Balls
Batting: RHB Luis Delvalle 0-0: Ball
1-0: Foul Ball, location: 2F
1-1: Called Strike
1-2: Ball
2-2: Ground out 6-3 (Groundball, 6S)
Top of the 1st over - 2 runs, 1 hit, 0 errors, 1 left on base; Minnesota 2 - Phoenix Hotspur 0
BOTTOM OF THE 1ST
Phoenix Hotspur Youth batting - Pitching for Minnesota Loons : LHP Steve Tedder
Pitching: LHP Steve Tedder
Batting: RHB Juan Negrete 0-0: Ball
1-0: Ground out 4-3 (Groundball, 4)
Batting: RHB Carl Tucker 0-0: Foul Ball, location: 2F
0-1: Ball
1-1: Ball
2-1: Foul Ball, location: 2F
2-2: Foul Ball, location: 2F
2-2: Ball
3-2: Fly out, F9 (Flyball, 9)
Batting: RHB Sinfronio Vitor 0-0: Ball
1-0: Swinging Strike
1-1: Foul Ball, location: 2F
1-2: Ball
2-2: Strikes out swinging
Bottom of the 1st over - 0 runs, 0 hits, 0 errors, 0 left on base; Minnesota 2 - Phoenix Hotspur 0
TOP OF THE 2ND
Minnesota Loons batting - Pitching for Phoenix Hotspur Youth : RHP Alberto Solís
Batting: RHB José de la Cavallería 0-0: Called Strike
0-1: Called Strike
0-2: Ball
1-2: Foul Ball, location: 2F
1-2: Foul Ball, location: 2F
1-2: Ground out 5-3 (Groundball, 56)
Batting: RHB Ramón Yniguez 0-0: Called Strike
0-1: Ball
1-1: Ball
2-1: Ball
3-1: Base on Balls
Batting: RHB Cody Jaeckel 0-0: Foul Ball, location: 2F
0-1: Foul Ball, location: 2F
0-2: Ball
1-2: Fielders Choice at 2nd, 6-4 (Groundball, 6M)
Batting: RHB Germán Espantoso 0-0: Ball
Cody Jaeckel steals 2nd base
1-0: Called Strike
1-1: Foul Ball, location: 2F
1-2: Ground out 6-3 (Groundball, 6)
Top of the 2nd over - 0 runs, 0 hits, 0 errors, 1 left on base; Minnesota 2 - Phoenix Hotspur 0
BOTTOM OF THE 2ND
Phoenix Hotspur Youth batting - Pitching for Minnesota Loons : LHP Steve Tedder
Batting: RHB Braylen Sampson 0-0: Called Strike
0-1: Swinging Strike
0-2: Ball
1-2: Ball
2-2: Foul Ball, location: 2F
2-2: Ball
3-2: Foul Ball, location: 2F
3-2: Ground out 6-3 (Groundball, 6)
Batting: RHB José Souza 0-0: Ball
1-0: Ball
2-0: Foul Ball, location: 2F
2-1: Called Strike
2-2: Ball
3-2: Base on Balls
Batting: RHB Bill Poole 0-0: Ball
1-0: Called Strike
1-1: Ball
2-1: Grounds into double play, 6-4-3 (Groundball, 6)
Bottom of the 2nd over - 0 runs, 0 hits, 0 errors, 0 left on base; Minnesota 2 - Phoenix Hotspur 0
TOP OF THE 3RD
Minnesota Loons batting - Pitching for Phoenix Hotspur Youth : RHP Alberto Solís
Batting: RHB Dhyana Snigdha 0-0: Called Strike
0-1: Ball
1-1: Ball
2-1: Foul Ball, location: 2F
2-2: Ball
3-2: Base on Balls
Batting: LHB Bennett Whitford 0-0: Ball
1-0: Called Strike
1-1: Ball
2-1: Ball
3-1: Called Strike
3-2: Base on Balls
Dhyana Snigdha to second
Batting: RHB Ángelo Delgado 0-0: SINGLE (Groundball, 4MD)
Dhyana Snigdha to third
Bennett Whitford to second
Runner from 3rd tries for Home, SAFE, no throw
Batting: RHB Júlio Vargas 0-0: Ball
1-0: Ball
2-0: Foul Ball, location: 2F
2-1: Called Strike
2-2: Foul Ball, location: 2F
2-2: SINGLE (Flyball, 56D)
Bennett Whitford to third
Ángelo Delgado to second
Runner from 3rd tries for Home, SAFE, no throw
Batting: RHB Luis Delvalle 0-0: Ball
1-0: Ball
2-0: Fly out, F7 (Flyball, 7)
Batting: RHB José de la Cavallería 0-0: Ball
1-0: Called Strike
1-1: Foul Ball, location: 2F
1-2: Foul Ball, location: 2F
1-2: Ball
2-2: Foul Ball, location: 2F
2-2: Ball
3-2: Foul Ball, location: 2F
3-2: Foul Ball, location: 2F
3-2: TRIPLE (Line Drive, 8LXD)
Ángelo Delgado scores
Júlio Vargas scores
Batting: RHB Ramón Yniguez 0-0: Ball
1-0: Ball
2-0: Swinging Strike
2-1: Foul Ball, location: 2F
2-2: Foul Ball, location: 2F
2-2: SINGLE (Line Drive, 8LS)
José de la Cavallería scores
Batting: RHB Cody Jaeckel 0-0: Called Strike
0-1: Foul Ball, location: 2F
0-2: DOUBLE (Line Drive, 8LD)
Ramón Yniguez to third
Runner from 3rd tries for Home, SAFE, no throw
Batting: RHB Germán Espantoso 0-0: Ball
1-0: Called Strike
1-1: Ball
2-1: Ball
Cody Jaeckel steals 3rd base
3-1: Swinging Strike
3-2: Foul Ball, location: 2F
3-2: Ground out 6-3 (Groundball, 6S)
Cody Jaeckel scores
Batting: RHB Dhyana Snigdha 0-0: Ball
1-0: Ball
2-0: Swinging Strike
2-1: Foul Ball, location: 2F
2-2: Ground out 4-3 (Groundball, 4)
Top of the 3rd over - 7 runs, 5 hits, 0 errors, 0 left on base; Minnesota 9 - Phoenix Hotspur 0
BOTTOM OF THE 3RD
Phoenix Hotspur Youth batting - Pitching for Minnesota Loons : LHP Steve Tedder
Batting: LHB Damian Alldred 0-0: Fly out, F7 (Flyball, 7LS)
Batting: LHB Tyler Kinjeketile 0-0: Called Strike
0-1: Swinging Strike
0-2: Strikes out swinging
Batting: LHB Joseph Antoine 0-0: Called Strike
0-1: Swinging Strike
0-2: Strikes out swinging, 2-3 out at first.
Bottom of the 3rd over - 0 runs, 0 hits, 0 errors, 0 left on base; Minnesota 9 - Phoenix Hotspur 0
TOP OF THE 4TH
Minnesota Loons batting - Pitching for Phoenix Hotspur Youth : RHP Alberto Solís
Batting: LHB Bennett Whitford 0-0: Called Strike
0-1: Ball
1-1: Ground out 6-3 (Groundball, 6)
Batting: RHB Ángelo Delgado 0-0: Called Strike
0-1: Ball
1-1: Fly out, F8 (Flyball, 8LS)
Batting: RHB Júlio Vargas 0-0: Ball
1-0: Ball
2-0: Foul Ball, location: 2F
2-1: Ball
3-1: Ground out 3-1 (Groundball, 34)
Top of the 4th over - 0 runs, 0 hits, 0 errors, 0 left on base; Minnesota 9 - Phoenix Hotspur 0
BOTTOM OF THE 4TH
Phoenix Hotspur Youth batting - Pitching for Minnesota Loons : LHP Steve Tedder
Batting: RHB Juan Negrete 0-0: Called Strike
0-1: Called Strike
0-2: Ball
1-2: Strikes out swinging
Batting: RHB Carl Tucker 0-0: Swinging Strike
0-1: Ball
1-1: Swinging Strike
1-2: Ball
2-2: Foul Ball, location: 2F
2-2: Ground out 1-3 (Groundball, P)
Batting: RHB Sinfronio Vitor 0-0: TRIPLE (Flyball, 8LXD)
Batting: RHB Braylen Sampson 0-0: Ball
Wild Pitch!
Sinfronio Vitor scores
1-0: Ball
2-0: Foul Ball, location: 2F
2-1: Foul Ball, location: 2F
2-2: Fly out, F6 (Line Drive, 6)
Bottom of the 4th over - 1 run, 1 hit, 0 errors, 0 left on base; Minnesota 9 - Phoenix Hotspur 1
TOP OF THE 5TH
Minnesota Loons batting - Pitching for Phoenix Hotspur Youth : RHP Alberto Solís
Batting: RHB Luis Delvalle 0-0: Ball
1-0: Ball
2-0: SOLO HOME RUN (Flyball, 7LD), Distance : 351 ft
Batting: RHB José de la Cavallería 0-0: Ball
1-0: Ball
2-0: SINGLE (Groundball, 34D)
Batting: RHB Ramón Yniguez 0-0: Ball
1-0: Ball
2-0: Ball
3-0: Called Strike
3-1: Called Strike
3-2: Base on Balls
José de la Cavallería to second
Pitching: RHP Millard Dalton
Batting: RHB Cody Jaeckel 0-0: Ball
1-0: Called Strike
1-1: Foul Ball, location: 2F
1-2: Foul Ball, location: 2F
1-2: Ball
2-2: Ball
3-2: Fly out, F6 (Popup, 4M)
Batting: RHB Germán Espantoso 0-0: Called Strike
0-1: Ball
1-1: SINGLE (Line Drive, 56D)
José de la Cavallería to third
Ramón Yniguez to second
Runner from 3rd tries for Home, SAFE, no throw
Batting: RHB Dhyana Snigdha 0-0: Called Strike
0-1: Swinging Strike
0-2: Strikes out looking
Batting: LHB Bennett Whitford 0-0: Foul Ball, location: 2F
0-1: Foul Ball, location: 2F
0-2: Strikes out swinging
Top of the 5th over - 2 runs, 3 hits, 0 errors, 2 left on base; Minnesota 11 - Phoenix Hotspur 1
BOTTOM OF THE 5TH
Phoenix Hotspur Youth batting - Pitching for Minnesota Loons : LHP Steve Tedder
Batting: RHB José Souza 0-0: Ball
1-0: Foul Ball, location: 2F
1-1: Foul Ball, location: 2F
1-2: Fly out, F3 (Popup, 3F)
Batting: RHB Bill Poole 0-0: SINGLE (Flyball, 89M)
Batting: LHB Damian Alldred 0-0: Called Strike
0-1: Ball
1-1: Swinging Strike
1-2: Fielders Choice at 2nd, 5-4 (Groundball, 5)
Batting: LHB Tyler Kinjeketile 0-0: Called Strike
0-1: Fly out, F9 (Flyball, 89M)
Bottom of the 5th over - 0 runs, 1 hit, 0 errors, 1 left on base; Minnesota 11 - Phoenix Hotspur 1
TOP OF THE 6TH
Minnesota Loons batting - Pitching for Phoenix Hotspur Youth : RHP Millard Dalton
Batting: RHB Ángelo Delgado 0-0: Ball
1-0: Ball
2-0: Ball
3-0: Base on Balls
Batting: RHB Júlio Vargas 0-0: Swinging Strike
0-1: Ball
1-1: Ball
2-1: Foul Ball, location: 2F
2-2: Strikes out swinging
Batting: RHB Luis Delvalle 0-0: Grounds into double play, 6-4-3 (Groundball, 6)
Top of the 6th over - 0 runs, 0 hits, 0 errors, 0 left on base; Minnesota 11 - Phoenix Hotspur 1
BOTTOM OF THE 6TH
Phoenix Hotspur Youth batting - Pitching for Minnesota Loons : LHP Steve Tedder
Batting: LHB Joseph Antoine 0-0: Foul Ball, location: 2F
0-1: Swinging Strike
0-2: Ball
1-2: Ground out 6-3 (Groundball, 6)
Batting: RHB Juan Negrete 0-0: Ball
1-0: Fly out, F8 (Flyball, 8LXD)
Batting: RHB Carl Tucker 0-0: Ball
1-0: Swinging Strike
1-1: Ball
2-1: Fly out, F8 (Flyball, 8RS)
Bottom of the 6th over - 0 runs, 0 hits, 0 errors, 0 left on base; Minnesota 11 - Phoenix Hotspur 1
TOP OF THE 7TH
Minnesota Loons batting - Pitching for Phoenix Hotspur Youth : RHP Millard Dalton
Batting: RHB José de la Cavallería 0-0: Ball
1-0: Fly out, F8 (Flyball, 8LD)
Batting: RHB Ramón Yniguez 0-0: Called Strike
0-1: Ball
1-1: SINGLE (Line Drive, 34)
Batting: RHB Cody Jaeckel 0-0: Ball
1-0: Foul Ball, location: 2F
1-1: Ball
2-1: SINGLE (Groundball, 4M) (infield hit)
Ramón Yniguez to second
Batting: RHB Germán Espantoso 0-0: Called Strike
0-1: Foul Ball, location: 2F
0-2: Foul Ball, location: 2F
0-2: Strikes out swinging
Batting: RHB Dhyana Snigdha 0-0: Ball
1-0: Foul Ball, location: 2F
1-1: Foul Ball, location: 2F
1-2: Ball
2-2: SINGLE (Groundball, 4) (infield hit)
Ramón Yniguez to third
Cody Jaeckel to second
Batting: LHB Bennett Whitford 0-0: Swinging Strike
0-1: Ball
1-1: SINGLE (Groundball, 15) (infield hit)
Ramón Yniguez scores
Cody Jaeckel to third
Dhyana Snigdha to second
Batting: RHB Ángelo Delgado 0-0: Called Strike
0-1: Ball
1-1: Called Strike
1-2: Ball
2-2: Foul Ball, location: 2F
2-2: Ball
3-2: SINGLE (Flyball, 78M)
Cody Jaeckel scores
Dhyana Snigdha to third
Bennett Whitford to second
Dhyana Snigdha scores
Bennett Whitford to third
Batting: RHB Júlio Vargas 0-0: Called Strike
0-1: Ball
1-1: DOUBLE (Line Drive, 9D)
Bennett Whitford scores
Ángelo Delgado to third
Batting: RHB Luis Delvalle 0-0: Ball
1-0: Ball
2-0: Called Strike
2-1: Ball
3-1: Base on Balls
Batting: RHB José de la Cavallería 0-0: Ball
1-0: Ball
2-0: Ball
3-0: Called Strike
3-1: Base on Balls
Ángelo Delgado scores
Júlio Vargas to third
Luis Delvalle to second
Batting: RHB Ramón Yniguez 0-0: Ball
1-0: Swinging Strike
1-1: Ball
2-1: Swinging Strike
2-2: Foul Ball, location: 2F
2-2: Fly out, F9 (Flyball, 9LM)
Top of the 7th over - 5 runs, 6 hits, 0 errors, 3 left on base; Minnesota 16 - Phoenix Hotspur 1
BOTTOM OF THE 7TH
Phoenix Hotspur Youth batting - Pitching for Minnesota Loons : LHP Steve Tedder
Batting: RHB Sinfronio Vitor 0-0: Ball
1-0: Swinging Strike
1-1: Swinging Strike
1-2: Hit by Pitch
Batting: RHB Braylen Sampson 0-0: Called Strike
0-1: Foul Ball, location: 2F
0-2: Grounds into double play, 6-4-3 (Groundball, 6)
Batting: RHB José Souza 0-0: Foul Ball, location: 2F
0-1: Foul Ball, location: 2F
0-2: Ball
1-2: Strikes out swinging
Bottom of the 7th over - 0 runs, 0 hits, 0 errors, 0 left on base; Minnesota 16 - Phoenix Hotspur 1
TOP OF THE 8TH
Minnesota Loons batting - Pitching for Phoenix Hotspur Youth : RHP Millard Dalton
Batting: RHB Cody Jaeckel 0-0: Swinging Strike
0-1: Foul Ball, location: 2F
0-2: Ball
1-2: Foul Ball, location: 2F
1-2: Fly out, F9 (Flyball, 89S)
Batting: RHB Germán Espantoso 0-0: SINGLE (Groundball, 56D)
Batting: RHB Dhyana Snigdha 0-0: Ball
1-0: Called Strike
1-1: Ball
2-1: SINGLE (Flyball, 78M)
Germán Espantoso to second
Batting: LHB Bennett Whitford 0-0: Ball
Germán Espantoso steals 3rd base
Dhyana Snigdha to second
1-0: Foul Ball, location: 2F
1-1: Ball
2-1: Ground out U3 (Groundball, 3)
Batting: RHB Ángelo Delgado 0-0: Ball
1-0: Called Strike
1-1: Fly out, F3 (Popup, 3L)
Top of the 8th over - 0 runs, 2 hits, 0 errors, 2 left on base; Minnesota 16 - Phoenix Hotspur 1
BOTTOM OF THE 8TH
Phoenix Hotspur Youth batting - Pitching for Minnesota Loons : LHP Steve Tedder
Now at C: Tabor Muzquiz
Now in RF: Héctor Espiga
Batting: RHB Bill Poole 0-0: Ball
1-0: Called Strike
1-1: Fly out, F9 (Flyball, 9S)
Batting: LHB Damian Alldred 0-0: Called Strike
0-1: Foul Ball, location: 2F
0-2: Ball
1-2: Ground out 4-3 (Groundball, 4)
Batting: LHB Tyler Kinjeketile 0-0: Ball
1-0: Ball
2-0: Ball
3-0: Base on Balls
Pitching: RHP Fernando Barraza
Batting: LHB Joseph Antoine 0-0: Ground out 4-3 (Groundball, 4)
Bottom of the 8th over - 0 runs, 0 hits, 0 errors, 1 left on base; Minnesota 16 - Phoenix Hotspur 1
TOP OF THE 9TH
Minnesota Loons batting - Pitching for Phoenix Hotspur Youth : RHP Millard Dalton
Batting: RHB Júlio Vargas 0-0: Ball
1-0: Ball
2-0: Ball
3-0: Base on Balls
Batting: RHB Luis Delvalle 0-0: Ball
1-0: Foul Ball, location: 2F
1-1: Foul Ball, location: 2F
1-2: Fly out, F9 (Flyball, 9LS)
Batting: RHB José de la Cavallería 0-0: Called Strike
0-1: Foul Ball, location: 2F
0-2: Foul Ball, location: 2F
0-2: Ball
1-2: SINGLE (Groundball, 56S) (infield hit)
Júlio Vargas to second
Batting: RHB Ramón Yniguez 0-0: Ball
1-0: Ball
2-0: Ball
3-0: Base on Balls
Júlio Vargas to third
José de la Cavallería to second
Batting: RHB Cody Jaeckel 0-0: Foul Ball, location: 2F
0-1: Grounds into double play, 4-6-3 (Groundball, 4M)
Top of the 9th over - 0 runs, 1 hit, 0 errors, 2 left on base; Minnesota 16 - Phoenix Hotspur 1
BOTTOM OF THE 9TH
Phoenix Hotspur Youth batting - Pitching for Minnesota Loons : RHP Fernando Barraza
Batting: RHB Juan Negrete 0-0: Ball
1-0: Foul Ball, location: 2F
1-1: Foul Ball, location: 2F
1-2: Ball
2-2: Ball
3-2: Foul Ball, location: 2F
3-2: Base on Balls
Batting: RHB Carl Tucker 0-0: Ball
1-0: Ball
2-0: Called Strike
2-1: Called Strike
2-2: Ball
3-2: Strikes out swinging
Juan Negrete steals 2nd base
Batter strikes out.
Batting: RHB Sinfronio Vitor 0-0: Called Strike
0-1: Ball
1-1: Foul Ball, location: 2F
1-2: Ball
2-2: Ball
3-2: Foul Ball, location: 2F
3-2: Foul Ball, location: 2F
3-2: Foul Ball, location: 2F
3-2: Foul Ball, location: 2F
3-2: Strikes out swinging
Batting: RHB Braylen Sampson 0-0: Foul Ball, location: 2F
0-1: Called Strike
0-2: Strikes out looking
Bottom of the 9th over - 0 runs, 0 hits, 0 errors, 1 left on base; Minnesota 16 - Phoenix Hotspur 1
Tuesday, June 12th, 2018 - OOTP Baseball 18.8 Build 76